 Dungeon Crawl Stone Soup version 0.24-a0-137-gd96d3d62bd (webtiles) character file.

Game seed: 0

1232 MirrMurr the Fighter (level 8, 0/132 HPs)
             Began as an Ogre Berserker on Mar 1, 2019.
             Was a Priest of Trog.
             Slain by a sky beast (2 damage)
             ... on level 7 of the Dungeon.
             The game lasted 00:21:45 (7032 turns).

MirrMurr the Fighter (Ogre Berserker)               Turns: 7032, Time: 00:21:46

Health: 0/132      AC:  4    Str: 27    XL:     8   Next: 48%
Magic:  8/8        EV:  9    Int:  8    God:    Trog [***...]
Gold:   323        SH: 10    Dex: 10    Spells: 7/7 levels left

rFire    . . .     SeeInvis +   a - +0 trident
rCold    . . .     Gourm    .   y - +1 shield (curse)
rNeg     . . .     Faith    .   x - +0 robe
rPois    .         Spirit   .   (helmet restricted)
rElec    .         Reflect  .   z - +0 cloak
rCorr    .         Harm     .   (gloves unavailable)
MR       .....                  (boots unavailable)
Stlth    ..........             (no amulet)
HPRegen  0.32/turn              u - ring of see invisible
MPRegen  0.11/turn              (no ring)

@: berserking, studying Fighting, very quick
A: large, unfitting armour, tough skin 1
a: Berserk, Trog's Hand, Renounce Religion


You were on level 7 of the Dungeon.
You worshipped Trog.
Trog was most pleased with you.
You were hungry.

You visited 1 branch of the dungeon, and saw 7 of its levels.

You collected 323 gold pieces.

Inventory:

Hand Weapons
 a - a +0 trident (weapon)
 b - a +0 hunting sling
Missiles
 d - 13 poisoned needles
 o - 32 sling bullets
 q - 96 stones (quivered)
 s - 2 curare-tipped needles
Armour
 x - a +0 robe (worn)
 y - a cursed +1 shield (worn)
 z - a +0 cloak (worn)
Jewellery
 u - a ring of see invisible (left hand)
Wands
 n - a wand of flame (23)
 t - a wand of acid (20)
 w - a wand of scattershot (5)
Scrolls
 e - 2 scrolls of fog
 h - a scroll of teleportation
 k - 2 scrolls of identify
 l - a scroll of enchant armour
 r - 2 scrolls of remove curse
 A - a scroll of immolation
Potions
 f - 2 potions of might
 g - a potion of resistance {unknown}
 i - 2 potions of curing
 j - 3 potions of flight
 m - a potion of lignification {unknown}
 p - a potion of agility {unknown}
 v - a potion of heal wounds {unknown}
 B - a potion of ambrosia
Books
 C - a manual of Fighting
Comestibles
 c - 13 rations
 D - 4 chunks of flesh


   Skills:
 + Level 8.2 Fighting
 * Level 7.2 Polearms
 + Level 4.9 Dodging
 + Level 3.0 Shields


You had 7 spell levels left.
You didn't know any spells.
Your spell library was empty.

Dungeon Overview and Level Annotations

Branches:
Dungeon (7/15)
 Temple: D:4-7

Altars:
Hepliaklqana
Nemelex Xobeh
Qazlal
Uskayaw
Vehumet
Yredelemnul
Zin

Shops:
D:4 [


Innate Abilities, Weirdness & Mutations

You are too large for most types of armour.
You have tough skin. (AC +1)


Message History

You block the bullfrog's attack.
Unknown command.
Your shield prevents you from hitting the centaur.
The centaur is almost dead.
The centaur hits you!
* * * LOW HITPOINT WARNING * * *
The bullfrog hits you.
* * * LOW HITPOINT WARNING * * *
The sky beast barely misses you.
You puncture the centaur!
You kill the centaur!
Trog accepts your kill.
Your Shields skill increases to level 3!
The bullfrog closely misses you.
Unknown command.
You completely miss the sky beast. You block the sky beast's attack.
You block the bullfrog's attack.
You barely miss the sky beast. The bullfrog barely misses you.
The sky beast hits you.
You die...

. #.........# . ..
#....#...###... ...
#...##))......#
)..##..#.)...#.$.#
.........)...# # .
####......#.### ...
##......###.#(...
#.#.........).(..._
#..........(@Y.#.
#...##.#.<(F...#
#..# ###(.......#
### #.......###
###.....# #......#
....#.(..
...........
...........


You could see a sky beast (invisible) and a bullfrog.

Vanquished Creatures
  Grinder (D:6)
  An orc warrior (D:7)
  A sky beast (D:4)
  A phantom (D:6)
  A centaur (D:7)
  A bullfrog (D:5)
  A scorpion (D:6)
  A howler monkey (D:4)
  Crazy Yiuf (D:6)
  A hound (D:4)
  An orc priest (D:7)
  An orc wizard (D:5)
  A centaur skeleton (D:4)
  Natasha (thrice) (D:4)
  Terence (D:2)
  4 worker ants
  6 adders
  2 oozes
  An adder skeleton (D:4)
  4 worms
  5 dart slugs
  3 leopard geckos
  18 orcs
  5 giant cockroaches
  9 goblins
  9 hobgoblins
  4 jackals (D:6)
  4 quokkas
  4 ball pythons
  6 bats
  8 frilled lizards
  6 kobolds
  14 rats
129 creatures vanquished.

Notes
Turn   | Place    | Note
-------+----------+-------------------------------------------
     0 | D:1      | MirrMurr the Ogre Berserker began the quest for the Orb.
     0 | D:1      | Reached XP level 1. HP: 24/24 MP: 1/1
    64 | D:1      | Reached XP level 2. HP: 32/32 MP: 2/2
   407 | D:1      | Reached XP level 3. HP: 37/40 MP: 3/3
   640 | D:1      | Reached ** piety under Trog
  1235 | D:2      | Noticed Terence
  1242 | D:2      | Reached XP level 4. HP: 49/49 MP: 4/4
  1250 | D:2      | Killed Terence
  1502 | D:2      | Reached skill level 5 in Fighting
  1692 | D:2      | Reached XP level 5. HP: 45/57 MP: 5/5
  2237 | D:3      | Found a sparkling altar of Nemelex Xobeh.
  2237 | D:3      | Found a stormy altar of Qazlal.
  2595 | D:3      | Found a hide-covered altar of Uskayaw.
  2622 | D:3      | Reached *** piety under Trog
  3059 | D:3      | Noticed an angel
  3060 | D:3      | Found a glowing silver altar of Zin.
  3448 | D:4      | Found Kaniwnol's Antique Armour Shop.
  3565 | D:4      | Noticed Natasha
  3586 | D:4      | Reached skill level 5 in Polearms
  3586 | D:4      | Reached XP level 6. HP: 36/66 MP: 6/6
  3896 | D:4      | Killed Natasha
  3956 | D:4      | Noticed Natasha
  3972 | D:4      | Killed Natasha
  3972 | D:4      | Reached skill level 1 in Shields
  3988 | D:4      | Noticed Natasha
  3991 | D:4      | Killed Natasha
  4136 | D:4      | Noticed a sky beast
  4152 | D:4      | Killed a sky beast
  4152 | D:4      | Reached skill level 6 in Fighting
  4152 | D:4      | Reached XP level 7. HP: 44/75 MP: 7/7
  4473 | D:5      | Entered Level 5 of the Dungeon
  6091 | D:6      | Found a basalt altar of Yredelemnul.
  6308 | D:6      | Found a radiant altar of Vehumet.
  6330 | D:6      | Noticed Grinder
  6360 | D:6      | Paralysed by Grinder for 5 turns
  6370 | D:6      | Killed Grinder
  6370 | D:6      | Reached skill level 7 in Fighting
  6370 | D:6      | Reached XP level 8. HP: 22/87 MP: 8/8
  6791 | D:6      | Found a runed translucent door.
  6792 | D:6      | Noticed Crazy Yiuf
  6798 | D:6      | Killed Crazy Yiuf
  6980 | D:7      | Reached skill level 8 in Fighting
  7023 | D:7      | Found a hazy altar of Hepliaklqana.
  7029 | D:7      | HP: 1/132 [bullfrog (6)]
  7032 | D:7      | Slain by a sky beast

Levels and vault maps discovered:
D:1:      ncdulo_smallfort, layout_loops_cross, nrook_mini_vaults
D:2:      layout_basic, serial_co_window_serial, co_window_cross_1,
          co_window_paths_a, co_window_paths_b, co_window_corner_a,
          co_window_paths_b, co_window_paths_a, co_window_of_opportunity_a,
          co_window_2corner, co_window_cross_2, co_window_unsneaky_path_b,
          co_window_paths_c, glass_columns_c, glass_columns_c, uniq_terence
D:3:      layout_basic, eat_drink_and_be_merry_uskayaw, zin_angel,
          gammafunk_temple_overflow_wave, minmay_shallow_snake_nest
D:4:      layout_rooms, first_ration, serial_shops, shop,
          minmay_manual_macuahuitl, uniq_natasha
D:5:      layout_basic
D:6:      layout_cave_pools, vehumet_crystals, kennysheep_mini_moat,
          uniq_crazy_yiuf_cottage, uniq_grinder
D:7:      layout_cave_pools, lemuel_round_altar, old_standard_altar,
          minmay_temple_entry_nine_rooms, grunt_ogre_cave

Skill      XL: |  1  2  3  4  5  6  7  8 |
---------------+-------------------------+-----
Dodging        | 3 4 |  4.9
Polearms       | 4 5 6 7 |  7.2
Fighting       | 5 6 7 8 |  8.2
Shields        | 1 2 3 |  3.0

Action                   |  1- 3 |  4- 6 |  7- 9 || total
-------------------------+-------+-------+-------++-------
Melee: Spear             |   130 |   164 |       ||   294
       Trident           |       |    78 |   137 ||   215
 Fire: Hunting sling     |       |    47 |    34 ||    81
Invok: Berserk           |       |     1 |     4 ||     5
       Trog's Hand       |       |       |     2 ||     2
  Use: Scroll            |       |     7 |     8 ||    15
       Potion            |       |       |     1 ||     1
 Stab: Sleeping          |     4 |     1 |       ||     5
  Eat: Chunk             |     1 |    10 |    10 ||    21
       Ration            |       |       |     1 ||     1
Armor: Animal skin       |    23 |    17 |       ||    40
       Robe              |       |    13 |    14 ||    27
Dodge: Dodged            |    46 |    96 |    42 ||   184
Block: Shield            |       |    19 |    52 ||    71

Table legend:
 A = Non-vault XP
 B = Vault XP
 C = Vault XP percentage of total XP
 D = Non-vault monster count
 E = Vault monster count
 F = Vault count percentage of total count
                 A         B        C        D         E       F
            +---------+---------+-------+---------+---------+-------
      Total |    1144 |     617 |  35.0 |     117 |      12 |   9.3
            +---------+---------+-------+---------+---------+-------
        D:1 |      42 |       0 |   0.0 |      24 |       0 |   0.0
        D:2 |      94 |      36 |  27.7 |      33 |       1 |   2.9
        D:3 |      49 |      14 |  22.2 |      22 |       2 |   8.3
        D:4 |     237 |     255 |  51.8 |      14 |       7 |  33.3
        D:5 |     174 |       0 |   0.0 |       8 |       0 |   0.0
        D:6 |     261 |     312 |  54.5 |      11 |       2 |  15.4
        D:7 |     287 |       0 |   0.0 |       5 |       0 |   0.0
            +---------+---------+-------+---------+---------+-------
